 Dungeon Crawl Stone Soup version 0.31.0-9-g3a7656b989 (webtiles) character file.

Game seed: 1357008317493543220

198 qw the Skirmisher (level 5, 0/29 HPs)
             Began as a Deep Elf Hunter on Feb 2, 2024.
             Succumbed to an adder's poison
             ... on level 3 of the Dungeon.
             The game lasted 00:00:05 (1546 turns).

qw the Skirmisher (Deep Elf Hunter)                 Turns: 1546, Time: 00:00:06

Health: 0/29       AC:  3    Str: 10    XL:     5   Next: 47%
Magic:  7/7        EV: 13    Int: 14    God:
Gold:   149        SH:  0    Dex: 24    Spells: 4/4 levels left

rFire   . . .        a - +0 shortbow (heavy)
rCold   . . .        (shield currently unavailable)
rNeg    . . .        c - +0 leather armour
rPois   .            (no helmet)
rElec   .            (no cloak)
rCorr   .            (no gloves)
SInv    .            (no boots)
Will    .....        (no amulet)
Stlth   ++           g - +6 ring of dexterity
HPRegen 0.24/turn    (no ring)
MPRegen 0.10/turn

%: no passive effects
@: lethally poisoned (0 -> -2)
A: no striking features
a: no special abilities


You were on level 3 of the Dungeon.
You visited 1 branch of the dungeon, and saw 3 of its levels.

You collected 149 gold pieces.


   Skills:
 - Level 1.5 Fighting
 + Level 8.8 Ranged Weapons
 - Level 3.0 Dodging
 - Level 1.2 Stealth


You had 4 spell levels left.
You didn't know any spells.
Your spell library was empty.

Inventory:

Hand Weapons
 a - a +0 heavy shortbow (weapon)
Armour
 c - a +0 leather armour (worn)
Jewellery
 g - a +6 ring of dexterity (left hand)
Scrolls
 d - a scroll of enchant weapon {unknown}
 f - a scroll of enchant armour
 h - a scroll of identify
Potions
 b - a potion of cancellation {unknown}

Dungeon Overview and Level Annotations

Branches:
Dungeon (3/15)

Altars:
Nemelex Xobeh


Message History

The arrow closely misses the frilled lizard.
The frilled lizard misses you.
You shoot an arrow. The arrow hits the frilled lizard!
You kill the frilled lizard!
The hobgoblin barely misses you.
You shoot an arrow. The arrow hits the hobgoblin!
You kill the hobgoblin!
The adder bites you but does no damage.
You shoot an arrow.
The arrow hits the adder but does no damage.
The adder closely misses you. The adder barely misses you.
You shoot an arrow. The arrow closely misses the adder.
The arrow hits the goblin.
You kill the goblin!
The adder bites you but does no damage. The adder barely misses you.
You shoot an arrow. The arrow hits the adder!
The adder is almost dead.
The adder bites you.
You are poisoned.
The adder poisons you! The adder closely misses you.
You shoot an arrow.
The arrow hits the adder but does no damage.
The adder is almost dead.
You feel very sick. The adder bites you but does no damage.
The adder closely misses you.
You shoot an arrow. The arrow misses the adder.
The arrow hits the goblin!
You kill the goblin!
You feel sick. The adder bites you.
You are more poisoned.
The adder poisons you! The adder bites you.
You shoot an arrow. The arrow barely misses the adder.
The arrow hits the orc.
The orc is lightly wounded.
You feel sick. The adder bites you. The adder closely misses you.
You shoot an arrow. The arrow completely misses the adder.
The arrow hits the orc!
You kill the orc!
You feel sick. The adder bites you. x2
You shoot an arrow. The arrow hits the adder!
You kill the adder!
You die...

... ... .. ). .#
.. .## # ## ###.
..####.##.. #g)
#...##....# #)#
.##.#...# #@#
.......# #)#
....##.## ##.#
###.....####
#..# #
#..#.....####.##
#
##....##.#....#
# ###.......####
# #.#..........#
# #.#..#######.#


You could see a hobgoblin.

Vanquished Creatures
  A centaur (D:3)
  Robin (D:3)
  4 adders
  A ribbon worm (D:2)
  A dart slug (D:2)
  4 orcs (D:3)
  2 ball pythons
  A bat (D:1)
  3 endoplasms
  2 giant cockroaches
  13 goblins
  6 hobgoblins
  15 jackals
  A quokka (D:2)
  3 frilled lizards
  2 kobolds
  4 rats
64 creatures vanquished.

Notes
Turn   | Place    | Note
-------+----------+-------------------------------------------
     0 | D:1      | qw the Deep Elf Hunter began the quest for the Orb.
     0 | D:1      | Reached XP level 1. HP: 12/12 MP: 3/3
     0 | D:1      | 0 ||| qw: Version: 0.3-a-155-g5e7d8dd
     0 | D:1      | 0 ||| qw: Game counter: 1269
     0 | D:1      | 0 ||| qw: Melee chars always use a shield: true
     0 | D:1      | 0 ||| qw: God list: Okawaru
     0 | D:1      | 0 ||| qw: Allow faded altars: false
     0 | D:1      | 0 ||| qw: Do Orc after clearing Dungeon:15 true
     0 | D:1      | 0 ||| qw: Do second Lair branch before Depths: true
     0 | D:1      | 0 ||| qw: Lair rune preference: random
     0 | D:1      | 0 ||| qw: Goals: Normal
     0 | D:1      | 0 ||| PLANNING D:1-11
   117 | D:1      | Reached XP level 2. HP: 16/16 MP: 4/4
   132 | D:1      | Reached skill level 6 in Ranged Weapons
   570 | D:1      | 570 ||| UPGRADING to +6 ring of dexterity.
   571 | D:1      | 571 ||| READING scroll labelled YDDESE RYKLI.
   571 | D:1      | 571 ||| IDENTIFYING brown potion
   572 | D:1      | 572 ||| READING scroll labelled ULUV FYPUZUQ.
   572 | D:1      | 572 ||| BRANDING +0 shortbow.
   573 | D:1      | 573 ||| READING scroll labelled ZOS VOCRERIVI.
   574 | D:1      | 574 ||| READING scroll labelled VITEUPN VUNLYW.
   575 | D:1      | 575 ||| READING scroll labelled OFUC FAUDONWEM.
   575 | D:1      | 575 ||| ENCHANTING +0 heavy shortbow.
   576 | D:1      | 576 ||| DRINKING 2 fizzy inky potions.
   680 | D:1      | 680 ||| DROPPING scroll of butterflies.
   681 | D:1      | 681 ||| DROPPING potion of berserk rage.
   792 | D:2      | Reached XP level 3. HP: 20/20 MP: 5/5
   963 | D:2      | Reached skill level 7 in Ranged Weapons
  1116 | D:2      | Reached skill level 3 in Dodging
  1190 | D:2      | Found a sparkling altar of Nemelex Xobeh.
  1195 | D:2      | Reached XP level 4. HP: 25/25 MP: 6/6
  1199 | D:2      | 1199 ||| FLEEEEING.
  1447 | D:2      | 1447 ||| READING scroll labelled CYBBYH WINOZI.
  1511 | D:3      | Noticed a centaur
  1511 | D:3      | Noticed Robin
  1521 | D:3      | Killed a centaur
  1522 | D:3      | Reached skill level 8 in Ranged Weapons
  1522 | D:3      | Reached XP level 5. HP: 18/29 MP: 7/7
  1527 | D:3      | Killed Robin
  1529 | D:3      | HP: 7/29 [orc/+0 trident (6)]
  1530 | D:3      | 1530 ||| DRINKING potion of heal wounds.
  1544 | D:3      | HP: 5/29 [adder (3)]
  1545 | D:3      | HP: 1/29 [adder (2)]
  1546 | D:3      | Succumbed to an adder's poison

Levels and vault maps discovered:
D:1:      dpeg_arrival_windows_large_door, layout_loops_ring
D:2:      layout_basic, serial_aquarium, aquarium_bridge_straight
          [aquarium_subvault_bridge, aquarium_subvault_wall,
          aquarium_subvault_bridge, aquarium_subvault_balcony],
          aquarium_window_1, aquarium_window_double, aquarium_view_4,
          aquarium_view_2e, aquarium_pool_corner, basic_altar
D:3:      layout_rooms, nemelex_xobeh_ov_fountains_minmay, serial_curves,
          eino_curves_03, eino_curves_03, uniq_robin, uniq_grinder, uniq_sigmund

Skill      XL: |  1  2  3  4 |
---------------+-------------+-----
Ranged Weapons | 6 7 8 |  8.8
Dodging        | 3 |  3.0
Fighting       | |  1.5
Stealth        | |  1.2

Action                     |  1- 3 |  4- 6 || total
---------------------------+-------+-------++-------
   Fire: Shortbow          |    84 |    46 ||   130
    Use: Scroll            |     5 |     1 ||     6
         Potion            |     1 |     1 ||     2
 Armour: Leather armour    |    18 |    29 ||    47
  Dodge: Dodged            |    20 |    33 ||    53

Table legend:
 A = Non-vault XP
 B = Vault XP
 C = Vault XP percentage of total XP
 D = Non-vault monster count
 E = Vault monster count
 F = Vault count percentage of total count
                 A         B        C        D         E       F
            +---------+---------+-------+---------+---------+-------
      Total |     260 |      37 |  12.5 |      52 |      12 |  18.8
            +---------+---------+-------+---------+---------+-------
        D:1 |      23 |       0 |   0.0 |      13 |       0 |   0.0
        D:2 |      82 |       0 |   0.0 |      30 |       0 |   0.0
        D:3 |     155 |      37 |  19.3 |       9 |      12 |  57.1
            +---------+---------+-------+---------+---------+-------
